 Dungeon Crawl Stone Soup version 0.31-a0-145-g046c7d2549 (webtiles) character file.

Game seed: 11571066507789249025

10419 qw the Skirmisher (level 11, -10/99 HPs)
             Began as a Minotaur Hunter on June 7, 2023.
             Was an Elder of Okawaru.
             Mangled by a deep troll (14 damage)
             ... on level 10 of the Dungeon.
             The game lasted 00:04:44 (10402 turns).

qw the Skirmisher (Minotaur Hunter)                Turns: 10402, Time: 00:04:44

Health: -10/99     AC: 12    Str: 14    XL:     11   Next: 35%
Magic:  14/14      EV: 19    Int:  5    God:    Okawaru [****..]
Gold:   512        SH:  0    Dex: 23    Spells: 10/10 levels left

rFire   . . .        Y - +0 orcbow
rCold   . . .        (shield currently unavailable)
rNeg    . . .        f - +1 swamp dragon scales
rPois   +            (helmet restricted)
rElec   .            (no cloak)
rCorr   .            (no gloves)
SInv    .            m - +0 pair of boots
Will    .....        j - amulet of faith
Stlth   +++          (no ring)
HPRegen 0.36/turn    (no ring)
MPRegen 0.14/turn

%: faith
@: heroic
A: horns 2, retaliatory headbutt, agile 1
a: Renounce Religion, Heroism, Finesse


You were on level 10 of the Dungeon.
You worshipped Okawaru.
Okawaru was greatly pleased with you.
You visited 1 branch of the dungeon, and saw 10 of its levels.

You collected 512 gold pieces.


Innate Abilities, Weirdness & Mutations

You have a pair of horns on your head.
You reflexively headbutt those who attack you in melee.
You are agile. (Dex +4, Str/Int -1)


   Skills:
 - Level 10.0(15.0) Fighting
 + Level 14.4(19.4) Ranged Weapons
 - Level 5.9(10.9) Armour
 - Level 7.0(12.0) Dodging
 - Level 0.7(5.7) Stealth
 + Level 5.6 Invocations


You had 10 spell levels left.
You didn't know any spells.
Your spell library was empty.

Inventory:

Hand Weapons
 Y - a +0 orcbow (weapon)
Armour
 b - a +0 troll leather armour
 f - +1 swamp dragon scales (worn)
 m - a +0 pair of boots (worn)
Jewellery
 h - a ring of poison resistance
 j - an amulet of faith (around neck)
Scrolls
 c - a scroll of identify
 l - a scroll of magic mapping {unknown}
 n - a scroll of blinking {unknown}
Potions
 a - a potion of haste
 d - a potion of lignification {unknown}
 g - 8 potions of mutation
 i - a potion of might {unknown}
 k - a potion of cancellation {unknown}

Dungeon Overview and Level Annotations

Branches:
Dungeon (10/15)            Temple (0/1) D:6            Lair (0/5) D:10
    Orc (0/2) D:10

Altars:
Dithmenos
Kikubaaqudgha
Makhleb
Nemelex Xobeh
Okawaru
Ru
Sif Muna
Trog
The Shining One

Annotations:
D:10 3 runed translucent doors, qw's ghost, journeyman MiHu


Message History

The deep troll bites you but does no damage.
The deep troll claws you but does no damage.
The deep troll closely misses you.
You shoot an arrow. The arrow hits the deep troll!
The deep troll is moderately wounded.
The deep troll closely misses you.
The deep troll claws you but does no damage.
The deep troll misses you.
You shoot an arrow.
The arrow closely misses the deep troll.
The deep troll closely misses you. You furiously retaliate!
You headbutt the deep troll, but do no damage.
The deep troll completely misses you.
The deep troll claws you but does no damage.
You shoot an arrow.
The arrow completely misses the deep troll.
You shoot an arrow. The arrow barely misses the deep troll.
The deep troll closely misses you. You furiously retaliate!
You headbutt the deep troll! The deep troll misses you.
The deep troll barely misses you.
You shoot an arrow. The arrow barely misses the deep troll.
The deep troll bites you. The deep troll completely misses you.
The deep troll claws you! The deep troll barely misses you.
The deep troll claws you. x2
You shoot an arrow.
The arrow hits the deep troll but does no damage.
The deep troll is heavily wounded.
The deep troll barely misses you. The deep troll claws you! x2
The deep troll closely misses you. You furiously retaliate!
You headbutt the deep troll. The deep troll closely misses you.
The deep troll claws you!
You shoot an arrow. The arrow hits the deep troll!!
The deep troll is almost dead.
You shoot an arrow.
The arrow hits the deep troll but does no damage.
The deep troll is almost dead.
The deep troll completely misses you. The deep troll barely misses you.
The deep troll closely misses you. The deep troll misses you.
The deep troll claws you!
You die...

#...)....# .....
##...##.## ....
#.......# ### ...
####'#### ..# ...
##...## #.##.#
##.....## ## #..#.#
##.......# #.
##..TT###)........###.
#....@..'.........'...
##...####.........###.
##.. ##.......## #.
.... #####..## #
###.##...8.(.#.## #.
#. #((.....### #. #.
#)...(..# ## #.
#..(...!#########
#(....$.#.......#


You could see 2 deep trolls.

Vanquished Creatures
  Erolcha (D:9)
  2 two-headed ogres
  A deep troll (D:10)
  A deep elf pyromancer (D:10)
  Maggie (D:8)
  A gargoyle (D:9)
  2 trolls
  Prince Ribbit (D:7)
  3 wyverns
  A shadow (D:10)
  6 yaks
  An acid dragon (D:9)
  Duvessa (D:4)
  A water moccasin (D:9)
  4 orc warriors
  2 ice beasts
  A wolf (D:10)
  9 centaurs
  A phantom (D:6)
  2 elf zombies (D:5)
  Blork the orc (D:4)
  2 bullfrogs
  3 gnoll sergeants
  An elf skeleton (D:5)
  2 scorpions (D:4)
  Dowan (D:4)
  15 wights
  5 killer bees (D:9)
  3 howler monkeys
  4 electric eels (D:10)
  8 hounds
  A jelly (D:4)
  A gnoll bouda (D:7)
  A human zombie (D:5)
  9 orc priests
  2 sleepcaps
  2 human skeletons (D:5)
  8 orc wizards
  20 gnolls
  9 adders
  A white imp (D:7)
  2 ufetubi (D:6)
  A worm (D:4)
  2 dart slugs
  44 orcs
  A bat zombie (D:7)
  4 endoplasms
  8 giant cockroaches
  5 goblins
  12 hobgoblins
  3 jackals (D:3)
  7 kobolds
  A quokka (D:4)
  5 ball pythons
  8 bats
  6 frilled lizards
  5 rats
  2 rat zombies (D:7)
257 creatures vanquished.

Notes
Turn   | Place    | Note
-------+----------+-------------------------------------------
     0 | D:1      | qw the Minotaur Hunter began the quest for the Orb.
     0 | D:1      | Reached XP level 1. HP: 18/18 MP: 0/0
     0 | D:1      | 0 ||| qw: Version: 0.2-a-117-gc6b5c8b
     0 | D:1      | 0 ||| qw: Game counter: 2434
     0 | D:1      | 0 ||| qw: Always use a shield: true
     0 | D:1      | 0 ||| qw: God list: Okawaru
     0 | D:1      | 0 ||| qw: Allow faded altars: false
     0 | D:1      | 0 ||| qw: Do Orc after D:15 true
     0 | D:1      | 0 ||| qw: Do second Lair branch before Depths: true
     0 | D:1      | 0 ||| qw: Lair rune preference: random
     0 | D:1      | 0 ||| qw: Plans: Normal
     0 | D:1      | 0 ||| PLANNING D:1-11
   134 | D:1      | Reached XP level 2. HP: 25/25 MP: 1/1
   196 | D:1      | 196 ||| READING scroll labelled VIMNAI TOUVUOCYE.
   199 | D:1      | Reached skill level 5 in Ranged Weapons
   282 | D:1      | Reached skill level 3 in Fighting
   297 | D:1      | Found a faded altar of an unknown god.
   481 | D:1      | 481 ||| DROPPING ring of flight.
   482 | D:1      | 482 ||| READING scroll labelled MAC HOANALIH.
   487 | D:1      | 487 ||| DRINKING 2 golden potions.
   487 | D:1      | Gained mutation: You are agile. (Dex +4, Str/Int -1)
                  | [potion of mutation]
   488 | D:1      | 488 ||| DROPPING scroll of butterflies.
   513 | D:2      | Reached XP level 3. HP: 28/31 MP: 2/2
  1135 | D:2      | 1135 ||| UPGRADING to +0 ring mail.
  1145 | D:2      | 1145 ||| DROPPING +0 leather armour.
  1146 | D:2      | 1146 ||| UPGRADING to ring of poison resistance.
  1147 | D:2      | 1147 ||| READING 2 scrolls labelled SUFUGE KIPT.
  1148 | D:2      | 1148 ||| READING scroll of brand weapon.
  1148 | D:2      | 1148 ||| BRANDING +0 heavy shortbow.
  1179 | D:3      | Reached skill level 1 in Armour
  1194 | D:3      | Found a shimmering blue altar of Sif Muna.
  1196 | D:3      | Reached XP level 4. HP: 38/38 MP: 3/3
  1409 | D:3      | Reached skill level 6 in Ranged Weapons
  1662 | D:3      | 1662 ||| DROPPING +6 ring of intelligence.
  1663 | D:3      | 1663 ||| READING scroll labelled BEEJYN SOXYTSOUQ.
  1664 | D:3      | 1664 ||| READING scroll labelled NIGGAFAATU.
  1665 | D:3      | 1665 ||| DRINKING 2 fuming amethyst potions.
  1666 | D:3      | 1666 ||| DRINKING 2 green potions.
  1771 | D:3      | 1771 ||| DROPPING potion of berserk rage.
  1818 | D:4      | Noticed a scorpion
  1828 | D:4      | Killed a scorpion
  1829 | D:4      | Reached XP level 5. HP: 16/47 MP: 4/4
  1911 | D:4      | 1911 ||| FLEEEEING.
  1912 | D:4      | 1912 ||| STAIRDANCE
  1965 | D:4      | 1965 ||| FLEEEEING.
  1966 | D:4      | 1966 ||| FLEEEEING.
  1967 | D:4      | 1967 ||| FLEEEEING.
  1968 | D:4      | 1968 ||| FLEEEEING.
  1988 | D:4      | Noticed Duvessa
  1989 | D:4      | Noticed Dowan
  2000 | D:4      | HP: 6/47 [Duvessa/+0 short sword (7)]
  2001 | D:4      | 2001 ||| DRINKING potion of heal wounds.
  2001 | D:4      | Killed Duvessa
  2002 | D:4      | Reached skill level 7 in Ranged Weapons
  2002 | D:4      | Reached XP level 6. HP: 34/53 MP: 5/5
  2005 | D:4      | Killed Dowan
  2122 | D:4      | Reached skill level 3 in Dodging
  2214 | D:4      | Noticed Blork the orc
  2224 | D:4      | Killed Blork the orc
  2376 | D:4      | Reached skill level 8 in Ranged Weapons
  2419 | D:4      | Reached XP level 7. HP: 60/60 MP: 6/6
  2776 | D:4      | Found a sacrificial altar of Ru.
  2777 | D:4      | Found an iron altar of Okawaru.
  2778 | D:4      | 2778 ||| PLANNING OKAWARU WORSHIP
  2778 | D:4      | 2778 ||| DROPPING ring of wizardry.
  2783 | D:4      | Became a worshipper of Warmaster Okawaru
  2783 | D:4      | 2783 ||| PLANNING D:1-11
  3033 | D:4      | 3033 ||| READING 2 scrolls of identify.
  3033 | D:4      | 3033 ||| IDENTIFYING blue potion
  3034 | D:4      | 3034 ||| DROPPING potion of invisibility.
  3049 | D:5      | Entered Level 5 of the Dungeon
  3050 | D:5      | 3050 ||| PLANNING OSSUARY
  3058 | D:5      | Found a burning altar of Makhleb.
  3058 | D:5      | Noticed a green death
  3091 | D:5      | HP: 10/61 [centaur/arrow (7)]
  3291 | D:5      | Found a shadowy altar of Dithmenos.
  3356 | D:5      | Found a glowing golden altar of the Shining One.
  3704 | D:5      | Reached skill level 9 in Ranged Weapons
  3810 | D:5      | 3810 ||| RIP OSSUARY
  3816 | D:5      | 3816 ||| PLANNING D:1-11
  3963 | D:5      | Reached * piety under Okawaru
  3964 | D:5      | Reached skill level 6 in Fighting
  4082 | D:5      | Reached skill level 1 in Invocations
  4082 | D:5      | Reached XP level 8. HP: 57/70 MP: 7/7
  4481 | D:5      | 4481 ||| READING scroll labelled PEUVUL UNIPSO.
  4482 | D:5      | 4482 ||| DRINKING 2 bubbling orange potions.
  4483 | D:5      | 4483 ||| DROPPING potion of degeneration.
  4729 | D:6      | 4729 ||| INVOKING Heroism.
  4827 | D:6      | Found a sparkling altar of Nemelex Xobeh.
  4829 | D:6      | 4829 ||| INVOKING Heroism.
  4830 | D:6      | 4830 ||| Stepping ~*~*~tactically~*~*~ (outnumbered).
  4847 | D:6      | Reached skill level 3 in Invocations
  4901 | D:6      | Reached skill level 10 in Ranged Weapons
  5216 | D:6      | Found a staircase to the Ecumenical Temple.
  5218 | D:6      | 5218 ||| READING scroll labelled ZUIL VIEBB.
  5257 | D:7      | Noticed a two-headed ogre
  5258 | D:7      | 5258 ||| INVOKING Heroism.
  5269 | D:7      | Killed a two-headed ogre
  5270 | D:7      | Reached XP level 9. HP: 75/75 MP: 8/11
  5315 | D:7      | 5315 ||| INVOKING Heroism.
  5319 | D:7      | 5319 ||| Stepping ~*~*~tactically~*~*~ (outnumbered).
  5460 | D:7      | 5460 ||| INVOKING Heroism.
  5620 | D:7      | Noticed Prince Ribbit
  5621 | D:7      | 5621 ||| INVOKING Heroism.
  5627 | D:7      | Killed Prince Ribbit
  5938 | D:7      | 5938 ||| INVOKING Heroism.
  6151 | D:7      | Found an ancient bone altar of Kikubaaqudgha.
  6347 | D:8      | Reached skill level 11 in Ranged Weapons
  6348 | D:8      | 6348 ||| STAIRDANCE
  6426 | D:8      | 6426 ||| SWAPPING to +0 orcbow.
  6427 | D:8      | 6427 ||| DROPPING +0 shortbow of freezing.
  6471 | D:8      | Noticed Maggie
  6473 | D:8      | 6473 ||| FLEEEEING.
  6474 | D:8      | 6474 ||| FLEEEEING.
  6475 | D:8      | 6475 ||| FLEEEEING.
  6476 | D:8      | 6476 ||| FLEEEEING.
  6477 | D:8      | 6477 ||| FLEEEEING.
  6478 | D:8      | 6478 ||| FLEEEEING.
  6479 | D:8      | 6479 ||| FLEEEEING.
  6480 | D:8      | 6480 ||| FLEEEEING.
  6481 | D:8      | 6481 ||| FLEEEEING.
  6482 | D:8      | 6482 ||| FLEEEEING.
  6483 | D:8      | 6483 ||| FLEEEEING.
  6484 | D:8      | 6484 ||| FLEEEEING.
  6485 | D:8      | 6485 ||| FLEEEEING.
  6486 | D:8      | 6486 ||| FLEEEEING.
  6487 | D:8      | 6487 ||| FLEEEEING.
  6488 | D:8      | 6488 ||| FLEEEEING.
  6489 | D:8      | 6489 ||| FLEEEEING.
  6490 | D:8      | 6490 ||| FLEEEEING.
  6491 | D:8      | 6491 ||| FLEEEEING.
  6492 | D:8      | 6492 ||| FLEEEEING.
  6493 | D:8      | 6493 ||| FLEEEEING.
  6495 | D:8      | 6495 ||| FLEEEEING.
  6496 | D:8      | 6496 ||| FLEEEEING.
  6497 | D:8      | 6497 ||| FLEEEEING.
  6498 | D:8      | 6498 ||| FLEEEEING.
  6499 | D:8      | 6499 ||| FLEEEEING.
  6500 | D:8      | 6500 ||| FLEEEEING.
  6501 | D:8      | 6501 ||| STAIRDANCE
  6568 | D:7      | 6568 ||| DRINKING 2 orange potions.
  6569 | D:7      | 6569 ||| DROPPING potion of enlightenment.
  6584 | D:8      | Killed Maggie
  6584 | D:8      | Reached ** piety under Okawaru
  6585 | D:8      | Reached skill level 12 in Ranged Weapons
  6585 | D:8      | 6585 ||| STAIRDANCE
  6687 | D:8      | 6687 ||| INVOKING Heroism.
  7054 | D:8      | Reached skill level 6 in Dodging
  7058 | D:8      | Reached XP level 10. HP: 66/88 MP: 12/12
  7180 | D:8      | 7180 ||| INVOKING Heroism.
  7182 | D:8      | HP: 16/88 [centaur/arrow (10)]
  7183 | D:8      | 7183 ||| READING scroll of teleportation.
  7184 | D:8      | 7184 ||| DRINKING potion of heal wounds.
  7188 | D:8      | Reached skill level 3 in Armour
  7327 | D:8      | 7327 ||| FLEEEEING.
  7328 | D:8      | 7328 ||| FLEEEEING.
  7689 | D:8      | 7689 ||| UPGRADING to +1 swamp dragon scales.
  7699 | D:8      | 7699 ||| REMOVING ring of poison resistance.
  7700 | D:8      | 7700 ||| DROPPING +0 ring mail.
  7701 | D:8      | 7701 ||| UPGRADING to +0 pair of boots.
  7706 | D:8      | 7706 ||| READING scroll labelled CUSUSA JUUGGEE.
  7707 | D:8      | 7707 ||| READING scroll labelled IPPOQU SYELO.
  7833 | D:9      | 7833 ||| Stepping ~*~*~tactically~*~*~ (outnumbered).
  7835 | D:9      | 7835 ||| Stepping ~*~*~tactically~*~*~ (outnumbered).
  7838 | D:9      | 7838 ||| Stepping ~*~*~tactically~*~*~ (outnumbered).
  7992 | D:9      | Noticed Erolcha
  7993 | D:9      | 7993 ||| INVOKING Heroism.
  8007 | D:9      | Killed Erolcha
  8126 | D:9      | 8126 ||| Stepping ~*~*~tactically~*~*~ (outnumbered).
  8132 | D:9      | 8132 ||| Stepping ~*~*~tactically~*~*~ (outnumbered).
  8138 | D:9      | 8138 ||| Stepping ~*~*~tactically~*~*~ (outnumbered).
  8144 | D:9      | 8144 ||| INVOKING Heroism.
  8288 | D:9      | Noticed a gargoyle
  8289 | D:9      | 8289 ||| INVOKING Heroism.
  8318 | D:9      | 8318 ||| Stepping ~*~*~tactically~*~*~ (outnumbered).
  8325 | D:9      | 8325 ||| INVOKING Heroism.
  8341 | D:9      | Reached skill level 13 in Ranged Weapons
  8347 | D:9      | Reached *** piety under Okawaru
  8405 | D:9      | 8405 ||| INVOKING Heroism.
  8505 | D:9      | 8505 ||| READING 2 scrolls of identify.
  8505 | D:9      | 8505 ||| IDENTIFYING brown potion
  8510 | D:9      | Noticed a two-headed ogre
  8529 | D:9      | 8529 ||| INVOKING Heroism.
  8531 | D:9      | Killed a gargoyle
  8532 | D:9      | Reached skill level 9 in Fighting
  8541 | D:9      | 8541 ||| DRINKING potion of curing.
  8541 | D:9      | 8541 ||| (to cure confusion)
  8542 | D:9      | Killed a two-headed ogre
  8629 | D:9      | 8629 ||| FLEEEEING.
  8668 | D:9      | 8668 ||| INVOKING Heroism.
  8960 | D:9      | 8960 ||| UPGRADING to amulet of faith.
  8982 | D:10     | Entered Level 10 of the Dungeon
  9052 | D:10     | 9052 ||| INVOKING Heroism.
  9148 | D:10     | 9148 ||| INVOKING Heroism.
  9190 | D:10     | 9190 ||| INVOKING Heroism.
  9201 | D:10     | Reached XP level 11. HP: 74/97 MP: 11/13
  9205 | D:10     | Reached skill level 14 in Ranged Weapons
  9231 | D:10     | 9231 ||| FLEEEEING.
  9243 | D:10     | 9243 ||| FLEEEEING.
  9244 | D:10     | 9244 ||| FLEEEEING.
  9245 | D:10     | 9245 ||| FLEEEEING.
  9246 | D:10     | 9246 ||| FLEEEEING.
  9247 | D:10     | 9247 ||| FLEEEEING.
  9248 | D:10     | 9248 ||| FLEEEEING.
  9249 | D:10     | 9249 ||| FLEEEEING.
  9250 | D:10     | 9250 ||| FLEEEEING.
  9251 | D:10     | 9251 ||| FLEEEEING.
  9252 | D:10     | 9252 ||| FLEEEEING.
  9253 | D:10     | 9253 ||| FLEEEEING.
  9254 | D:10     | 9254 ||| FLEEEEING.
  9258 | D:10     | 9258 ||| FLEEEEING.
  9259 | D:10     | 9259 ||| FLEEEEING.
  9260 | D:10     | 9260 ||| FLEEEEING.
  9261 | D:10     | 9261 ||| FLEEEEING.
  9266 | D:10     | 9266 ||| FLEEEEING.
  9267 | D:10     | 9267 ||| FLEEEEING.
  9268 | D:10     | 9268 ||| FLEEEEING.
  9269 | D:10     | 9269 ||| FLEEEEING.
  9270 | D:10     | 9270 ||| FLEEEEING.
  9271 | D:10     | 9271 ||| FLEEEEING.
  9272 | D:10     | 9272 ||| FLEEEEING.
  9355 | D:10     | Found a staircase to the Orcish Mines.
  9404 | D:10     | 9404 ||| FLEEEEING.
  9408 | D:10     | 9408 ||| FLEEEEING.
  9409 | D:10     | 9409 ||| FLEEEEING.
  9507 | D:10     | Found a runed translucent gate.
  9508 | D:10     | Found a runed translucent gate.
  9509 | D:10     | Found a runed translucent gate.
  9512 | D:10     | Noticed qw's ghost (journeyman MiHu)
  9598 | D:10     | 9598 ||| INVOKING Heroism.
  9624 | D:10     | Reached **** piety under Okawaru
  9626 | D:10     | HP: 22/97 [wight/+4 great sword (6)]
  9627 | D:10     | 9627 ||| READING scroll of teleportation.
  9924 | D:10     | Noticed a deep elf pyromancer
  9927 | D:10     | 9927 ||| FLEEEEING.
  9928 | D:10     | 9928 ||| FLEEEEING.
  9929 | D:10     | 9929 ||| INVOKING Heroism.
  9942 | D:10     | Killed a deep elf pyromancer
 10103 | D:10     | Found a bloodstained altar of Trog.
 10112 | D:10     | Found a staircase to the Lair.
 10379 | D:10     | Noticed a deep troll
 10380 | D:10     | 10380 ||| INVOKING Heroism.
 10381 | D:10     | Noticed a deep troll
 10390 | D:10     | Noticed a deep troll
 10394 | D:10     | Killed a deep troll
 10400 | D:10     | HP: 23/99 [deep troll (13)]
 10400 | D:10     | HP: 4/99 [deep troll (8)]
 10402 | D:10     | Mangled by a deep troll

Levels and vault maps discovered:
D:1:      minmay_arrival_up_and_down, layout_basic,
          ebering_ecumenical_altar_rust, st_stairs_2,
          kennysheep_decorative_pillar
D:2:      layout_basic
D:3:      layout_basic, marbit_many_paths, minmay_misc_feat_square
D:4:      minmay_door_path, layout_basic, gammafunk_temple_overflow_statue,
          due_unseen_surprise, uniq_blork_the_orc, uniq_duvessa
D:5:      layout_loops_corners, makhleb_altar_promises_db,
          mainiacjoe_overflow_catwalk_spiral, nicolae_ossuary_entry_catacombs
D:6:      layout_loops_ring, mainiacjoe_overflow_alcove_2, temple_hall,
          minmay_misc_feat_doors, minmay_strange_pillars
D:7:      layout_basic, lemuel_zombie_altar_kikubaaqudgha, uniq_prince_ribbit1
D:8:      layout_layer_cave, uniq_maggie
D:9:      minmay_clustersquares, layout_rooms, uniq_erolcha
D:10:     layout_loops_corners, kennysheep_mini_moat, erik_lair_island,
          hiddenorc2_lemuel, ebering_ghost_rock_garden,
          hellmonk_guarded_unrand_vitality_bloodlust

Skill      XL: |  1  2  3  4  5  6  7  8  9 10 11 |
---------------+----------------------------------+-----
Ranged Weapons | 5 6 7 8 9 10 12 13 14 | 14.4
Fighting       | 3 4 6 8 9 10 | 10.0
Armour         | 1 2 5 |  5.9
Dodging        | 3 5 6 7 |  7.0
Invocations    | 1 5 |  5.6
Stealth        | |  0.7

Action                     |  1- 3 |  4- 6 |  7- 9 | 10-12 || total
---------------------------+-------+-------+-------+-------++-------
   Fire: Shortbow          |    92 |   105 |   293 |       ||   490
         Orcbow            |       |       |    68 |   433 ||   501
 Invoke: Heroism           |       |       |     8 |    14 ||    22
    Use: Scroll            |     4 |     2 |     3 |     5 ||    14
         Potion            |     1 |     3 |     2 |     2 ||     8
 Armour: Leather armour    |    14 |       |       |       ||    14
         Ring mail         |       |    14 |    27 |     3 ||    44
         Swamp dragon scal |       |       |       |    79 ||    79
  Dodge: Dodged            |    21 |    38 |    73 |   276 ||   408

Table legend:
 A = Non-vault XP
 B = Vault XP
 C = Vault XP percentage of total XP
 D = Non-vault monster count
 E = Vault monster count
 F = Vault count percentage of total count
                 A         B        C        D         E       F
            +---------+---------+-------+---------+---------+-------
      Total |    7780 |    7105 |  47.7 |     181 |      76 |  29.6
            +---------+---------+-------+---------+---------+-------
        D:1 |      35 |       2 |   5.4 |      20 |       2 |   9.1
        D:2 |      34 |       0 |   0.0 |      13 |       0 |   0.0
        D:3 |      42 |      14 |  25.0 |      17 |       1 |   5.6
        D:4 |     367 |     315 |  46.2 |      25 |       7 |  21.9
        D:5 |     329 |     391 |  54.3 |       7 |       6 |  46.2
        D:6 |     575 |       0 |   0.0 |      17 |       0 |   0.0
        D:7 |    1346 |     278 |  17.1 |      15 |       4 |  21.1
        D:8 |    1667 |     415 |  19.9 |      24 |       1 |   4.0
        D:9 |     912 |    3785 |  80.6 |      18 |      14 |  43.8
       D:10 |    2473 |    1905 |  43.5 |      25 |      41 |  62.1
            +---------+---------+-------+---------+---------+-------
